 Dungeon Crawl Stone Soup version 0.22-a0-430-g6609fc6 (webtiles) character file.

8276 suicidejoker the Carver (level 11, -2/68 HPs)
             Began as a Gargoyle Fighter on May 26, 2018.
             Was an Initiate of Gozag.
             Slain by a red ugly thing (8 damage)
             ... on level 11 of the Dungeon.
             The game lasted 00:23:31 (7639 turns).

suicidejoker the Carver (Gargoyle Fighter)          Turns: 7639, Time: 00:23:32

Health: -2/68      AC: 23    Str: 20    XL:     11   Next: 28%
Magic:  11/11      EV: 12    Int:  9    God:    Gozag
Gold:   359        SH: 13    Dex:  9    Spells: 10/10 levels left

rFire    . . .     SeeInvis .   a - +4 long sword
rCold    . . .     Gourm    .   c - +1 shield
rNeg     + + .     Faith    .   E - +5 ring mail of the True Pharaoh {rN+ Dex-3 Stlth+}
rPois    ∞         Spirit   .   (no helmet)
rElec    +         Reflect  +   y - +2 cloak
rCorr    .         Harm     .   (no gloves)
MR       .....                  (no boots)
Stlth    ++........             s - +2 amulet of reflection
HPRegen  0.21/turn              z - ring of stealth
MPRegen  0.12/turn              (no ring)

@: gold aura
A: negative energy resistance 1, electricity resistance, unbreathing,
petrification resistance, rot immunity, AC +8
a: Potion Petition, Call Merchant, Bribe Branch, Renounce Religion


You were on level 11 of the Dungeon.
You worshipped Gozag.
Gozag was aware of your devotion.
You were near starving.

You visited 1 branch of the dungeon, and saw 9 of its levels.

You collected 1497 gold pieces.
You spent 240 gold pieces at shops.
You paid 898 gold pieces to Gozag.

Inventory:

Hand Weapons
 a - a +4 long sword (weapon)
 v - a +2 dagger of venom
 C - a +0 shortbow
Missiles
 e - 398 stones
 o - 79 sling bullets
 r - 73 arrows
 u - 22 poisoned needles
 w - 8 tomahawks (quivered)
 B - a throwing net
 D - 21 bolts
 R - 4 needles of frenzy
Armour
 c - a +1 shield (worn)
 y - a +2 cloak (worn)
 E - the +5 ring mail of the True Pharaoh (worn) {rN+ Dex-3 Stlth+}
   (You found it on level 5 of the Dungeon)

   It affects your dexterity (-3).
   It protects you from negative energy.
   It makes you more stealthy.
 N - a scarf of resistance
Jewellery
 s - a +2 amulet of reflection (around neck)
 z - a ring of stealth (left hand)
Wands
 l - a wand of clouds (8)
 K - a wand of digging (10)
 Q - a wand of random effects (17)
Scrolls
 b - 8 scrolls of identify
 h - 3 scrolls of blinking
 k - a scroll of remove curse
 A - 3 scrolls of teleportation
 L - a scroll of fog
 S - a scroll of random uselessness
 T - a scroll of amnesia
Potions
 g - a potion of agility {unknown}
 i - 3 potions of haste
 j - 2 potions of curing
 m - 2 potions of degeneration {unknown}
 n - a potion of mutation {unknown}
 q - 2 potions of flight
 x - 4 potions of magic
 F - a potion of heal wounds
 M - a potion of cancellation {unknown}
 P - a potion of resistance {unknown}
 U - 2 potions of ambrosia {unknown}
Miscellaneous
 d - a phial of floods
Comestibles
 f - 4 rations


   Skills:
 + Level 7.8 Fighting
 * Level 8.8 Long Blades
 + Level 7.9 Armour
 * Level 7.6 Dodging
 + Level 7.9 Shields


You had 10 spell levels left.
You didn't know any spells.
Your spell library was empty.

Dungeon Overview and Level Annotations

Branches:
Dungeon (8/15)             Temple (0/1) D:5
   Lair: D:8-11

Altars:
Ashenzari
Gozag
Makhleb
Nemelex Xobeh
Qazlal
Sif Muna
Uskayaw
Wu Jian
Xom
Yredelemnul
Zin
The Shining One

Shops:
D:7 *


Innate Abilities, Weirdness & Mutations

You are resistant to torment.
Your stone body is resilient. (AC +8)
You are immune to poison.
You resist negative energy. (rN+)
You are resistant to electric shocks. (rElec)
You can survive without breathing.
You are immune to petrification.
You are immune to rotting.


Message History

The red ugly thing is moderately wounded.
The red ugly thing closely misses you.
You completely miss the red ugly thing.
The red ugly thing is moderately wounded.
You block the red ugly thing's attack.
You slash the red ugly thing!
The red ugly thing is heavily wounded.
The red ugly thing stings you!
You are engulfed in flames!!
You completely miss the red ugly thing.
The red ugly thing is heavily wounded.
You block the red ugly thing's attack.
You hit the red ugly thing.
The red ugly thing is heavily wounded.
The red ugly thing stings you!
You are engulfed in flames!!
* * * LOW HITPOINT WARNING * * *
You hit the red ugly thing.
The red ugly thing is heavily wounded.
The red ugly thing stings you!
You die...
Your body crumbles into a pile of gold.

............ #.>$([?.....#
y$..!.....###
..$$......(####...
#.#...##.......... ..9.#
###$####.# $ ..{.# #$# # #y#
#u# .#.# #(# #@# ##. .# #.#
#.# #.< .. #u# #.# #.# .# #$#
#.# #.# .# .
########$######>###.# .###...
......))))..........##......Z
####.Z.......##.............#
#.#######.#############..# #
#


You could see a red ugly thing.

Vanquished Creatures
  A two-headed ogre (D:8)
  Pikel (D:8)
  An ugly thing (D:7)
  Maurice (D:8)
  2 gargoyles (D:11)
  A hornet (D:7)
  A hippogriff (D:11)
  A vampire (D:11)
  Eustachio (D:6)
  Grum (D:11)
  2 steam dragons (D:7)
  A hungry ghost (D:7)
  Menkaure (D:5)
  A black bear (D:8)
  3 orc warriors
  An ice beast (D:7)
  2 slaves (D:8)
  2 phantoms
  2 sky beasts (D:11)
  9 ogres
  4 centaurs
  2 wolves (D:11)
  A crocodile (D:7)
  A big kobold (D:7)
  4 bullfrogs
  2 scorpions
  A wyvern skeleton (D:11)
  11 killer bees
  A centaur zombie (D:5)
  2 howler monkeys (D:7)
  6 crimson imps
  A bullfrog zombie (D:11)
  5 hounds
  5 orc priests
  2 centaur skeletons
  2 iguanas
  A bullfrog skeleton (D:5)
  Natasha (twice) (D:3)
  9 orc wizards
  4 worker ants
  2 hound skeletons
  A howler monkey zombie (D:6)
  A worker ant zombie (D:5)
  3 gnolls (D:4)
  11 adders
  3 oozes
  6 worms
  5 dart slugs
  2 leopard geckos (D:4)
  31 orcs
  3 giant cockroaches
  4 goblins
  11 hobgoblins
  12 jackals
  13 kobolds
  5 quokkas
  6 bats
  9 frilled lizards
  A leopard gecko skeleton (D:7)
  6 rats
236 creatures vanquished.

Vanquished Creatures (others)
  5 dream sheep (D:4)
5 creatures vanquished.

Grand Total: 241 creatures vanquished

Notes
Turn   | Place    | Note
-------+----------+-------------------------------------------
     0 | D:1      | suicidejoker the Gargoyle Fighter began the quest for the Orb.
     0 | D:1      | Reached XP level 1. HP: 14/14 MP: 1/1
    83 | D:1      | Reached XP level 2. HP: 15/19 MP: 2/2
    84 | D:1      | Reached skill level 2 in Long Blades
   436 | D:1      | Reached skill level 1 in Dodging
   614 | D:1      | Reached XP level 3. HP: 23/23 MP: 3/3
   871 | D:2      | Found an ornate altar of the Wu Jian Council.
   912 | D:2      | Reached XP level 4. HP: 25/28 MP: 4/4
  1764 | D:3      | Reached XP level 5. HP: 28/33 MP: 5/5
  1933 | D:3      | Reached skill level 3 in Long Blades
  2016 | D:3      | Noticed Natasha
  2032 | D:3      | Killed Natasha
  2041 | D:3      | Found an opulent altar of Gozag.
  2052 | D:3      | Became a worshipper of Gozag Ym Sagoz the Greedy
  2057 | D:3      | Found a basalt altar of Yredelemnul.
  2058 | D:3      | Found a stormy altar of Qazlal.
  2059 | D:3      | Found a hide-covered altar of Uskayaw.
  2061 | D:3      | Found a sparkling altar of Nemelex Xobeh.
  2202 | D:3      | Found a sparkling altar of Nemelex Xobeh.
  2538 | D:3      | Noticed Natasha
  2559 | D:3      | Killed Natasha
  2559 | D:3      | Reached XP level 6. HP: 34/38 MP: 6/6
  2893 | D:4      | Found a stormy altar of Qazlal.
  3067 | D:4      | Reached XP level 7. HP: 40/43 MP: 7/7
  3185 | D:4      | Found a glowing golden altar of the Shining One.
  3220 | D:4      | Found a shimmering altar of Xom.
  3220 | D:4      | Noticed a dream sheep
  3220 | D:4      | Noticed a dream sheep
  3220 | D:4      | Noticed a dream sheep
  3220 | D:4      | Noticed a dream sheep
  3220 | D:4      | Noticed a dream sheep
  3223 | D:4      | Killed a dream sheep
  3224 | D:4      | Killed a dream sheep
  3224 | D:4      | Killed a dream sheep
  3224 | D:4      | Killed a dream sheep
  3226 | D:4      | Killed a dream sheep
  3497 | D:4      | Reached skill level 4 in Long Blades
  3563 | D:4      | Found a deep blue altar of Sif Muna.
  3675 | D:5      | Entered Level 5 of the Dungeon
  3706 | D:5      | Got a pitted ring mail
  3707 | D:5      | Identified the +5 ring mail of the True Pharaoh {rN+ Dex-3 Stlth+} (You found it on level 5 of the Dungeon)
  3903 | D:5      | Found a shattered altar of Ashenzari.
  3964 | D:5      | Noticed Menkaure
  3971 | D:5      | Killed Menkaure
  4128 | D:5      | Found a staircase to the Ecumenical Temple.
  4306 | D:5      | Reached XP level 8. HP: 48/48 MP: 8/8
  4514 | D:6      | Reached skill level 5 in Armour
  4578 | D:6      | Reached skill level 5 in Shields
  4589 | D:6      | Reached skill level 5 in Fighting
  4649 | D:6      | Reached skill level 5 in Long Blades
  4662 | D:6      | Noticed Eustachio
  4726 | D:6      | Killed Eustachio
  5036 | D:6      | Found a glowing silver altar of Zin.
  5268 | D:6      | Reached XP level 9. HP: 43/54 MP: 9/9
  5426 | D:7      | Reached skill level 5 in Dodging
  5442 | D:7      | Reached skill level 6 in Long Blades
  5466 | D:7      | Noticed a red ugly thing
  5536 | D:7      | Killed a red ugly thing
  6182 | D:7      | Reached skill level 7 in Long Blades
  6252 | D:7      | Reached XP level 10. HP: 43/61 MP: 10/10
  6451 | D:7      | Found Musi's Assorted Antiques.
  6456 | D:7      | Bought a scroll labeled VOSKOESESE for 27 gold pieces
  6456 | D:7      | Bought a scroll labeled DOIJ ALOAN for 27 gold pieces
  6456 | D:7      | Bought a scroll labeled DOIJ ALOAN for 27 gold pieces
  6456 | D:7      | Bought a scroll labeled VOSKOESESE for 27 gold pieces
  6456 | D:7      | Bought a metallic brown potion for 24 gold pieces
  6456 | D:7      | Bought a shiny lead wand for 108 gold pieces
  6940 | D:7      | Found a burning altar of Makhleb.
  7234 | D:8      | Noticed Pikel
  7271 | D:8      | Killed Pikel
  7316 | D:8      | Noticed Maurice
  7378 | D:8      | Killed Maurice
  7378 | D:8      | Reached skill level 8 in Long Blades
  7422 | D:8      | Noticed a two-headed ogre
  7432 | D:8      | Killed a two-headed ogre
  7463 | D:8      | You fall through a shaft for 3 floors!
  7463 | D:11     | Noticed Grum
  7463 | D:11     | Noticed a gargoyle
  7473 | D:11     | Noticed a red ugly thing
  7476 | D:11     | Reached XP level 11. HP: 41/67 MP: 11/11
  7482 | D:11     | Killed Grum
  7639 | D:11     | Slain by a red ugly thing

Vault maps used:
D:1:      scummos_arrival_forest
D:2:      lemuel_upstairs_altar, lemuel_crystal_altar, first_ration
D:3:      minitemple, nemelex_xobeh_ov_fountains_minmay, uniq_natasha
D:4:      tso_oasis_becter, lemuel_coloured_pillars_altar,
          kb_xom_exploding_sheep, nicolae_qazlal_general_emergency
D:5:      minmay_temple_entry_glassed_door, basic_altar, uniq_menkaure
D:6:      zin_statuary, grunt_ministairs_5, uniq_eustachio
D:7:      cheibrodos_steamvent, makhleb_grotto_becter, serial_shops,
          kennysheep_little_box, grunt_potential
D:8:      old_standard_altar, grunt_pizzeria, uniq_maurice, uniq_pikel
D:11:     lab_entry_generic, uniq_grum, uniq_snorg

Skill      XL: |  1  2  3  4  5  6  7  8  9 10 |
---------------+-------------------------------+-----
Long Blades    | 2 3 4 5 7 8 |  8.8
Dodging        | 1 2 3 4 6 7 |  7.6
Armour         | 4 5 6 7 |  7.9
Shields        | 4 5 6 7 |  7.9
Fighting       | 4 5 6 7 |  7.8

Action                   |  1- 3 |  4- 6 |  7- 9 | 10-12 || total
-------------------------+-------+-------+-------+-------++-------
Melee: Long sword        |   124 |   334 |   418 |   296 ||  1172
Throw: Tomahawk          |       |     3 |    16 |     1 ||    20
       Stone             |       |       |     2 |       ||     2
Invok: Potion Petition   |       |       |     2 |     1 ||     3
Evoke: Wand              |       |       |       |    21 ||    21
  Use: Scroll            |       |       |    18 |    11 ||    29
       Potion            |       |       |     4 |     3 ||     7
 Stab: Distracted        |       |     1 |     1 |     1 ||     3
       Sleeping          |       |       |     2 |     3 ||     5
       Confused          |       |       |       |     2 ||     2
  Eat: Chunk             |       |     5 |       |       ||     5
       Ration            |       |     1 |     3 |     2 ||     6
Armor: Scale mail        |    61 |    35 |       |       ||    96
       Plate armour      |       |   171 |    38 |       ||   209
       Ring mail         |       |       |   235 |   124 ||   359
Dodge: Dodged            |    37 |    64 |   172 |   109 ||   382
Block: Shield            |    57 |   220 |   294 |   187 ||   758
       Reflection        |       |     8 |     5 |     8 ||    21
       Rpst.: Long sword |    10 |    20 |    41 |    30 ||   101

Table legend:
 A = Spawn XP
 B = Non-spawn XP
 C = Spawn XP percentage of total XP
 D = Spawn monster count
 E = Non-spawn monster count
 F = Spawn count percentage of total count
 G = Total turns spent on level
                    A         B        C        D         E        F      G
               +---------+---------+-------+---------+---------+-------+---------
         Total |       0 |   11824 |   0.0 |       0 |     235 |   0.0 |  7639
               +---------+---------+-------+---------+---------+-------+---------
           D:1 |       0 |      45 |   0.0 |       0 |      20 |   0.0 |   831
           D:2 |       0 |     103 |   0.0 |       0 |      34 |   0.0 |   782
           D:3 |       0 |     202 |   0.0 |       0 |      27 |   0.0 |  1133
           D:4 |       0 |     424 |   0.0 |       0 |      20 |   0.0 |   929
           D:5 |       0 |     434 |   0.0 |       0 |      10 |   0.0 |   830
           D:6 |       0 |    1338 |   0.0 |       0 |      27 |   0.0 |   909
           D:7 |       0 |    3848 |   0.0 |       0 |      59 |   0.0 |  1701
           D:8 |       0 |    2513 |   0.0 |       0 |      13 |   0.0 |   348
          D:11 |       0 |    2917 |   0.0 |       0 |      25 |   0.0 |   176
               +---------+---------+-------+---------+---------+-------+---------
